 Dungeon Crawl Stone Soup version 0.31-a0-664-g902f515a81 (webtiles) character file.

Game seed: 9125982266845804709

24563 arthad the Fighter (level 13, 0/104 HPs)
             Began as a Gnoll Wanderer on Sept 2, 2023.
             Was a High Priest of Okawaru.
             Slain by a dire elephant simulacrum (18 damage)
             ... in an ice cave.
             The game lasted 00:43:29 (16756 turns).

arthad the Fighter (Gnoll Wanderer)                Turns: 16756, Time: 00:43:29

Health: 0/104      AC: 14    Str: 15    XL:     13   Next: 13%
Magic:  0/25       EV: 19    Int: 19    God:    Okawaru [*****.]
Gold:   870        SH:  0    Dex: 11    Spells: 17/29 levels left

rFire   . . .        p - +4 quarterstaff of Causality {spect, *Noise rN+ SInv Stlth+}
rCold   + . .        (shield currently unavailable)
rNeg    + . .        L - +0 steam dragon scales
rPois   .            r - +0 helmet
rElec   .            V - +0 cloak
rCorr   .            i - +0 pair of gloves
SInv    +            M - +0 pair of boots
Will    +....        T - amulet of Xom's Whimsicality {Spirit Rampage Drain rC+ Str+5}
Stlth   ++++++       D - ring of willpower
HPRegen 0.37/turn    U - +5 ring of evasion
MPRegen 0.19/turn

%: guardian spirit, rampage
@: heroic, constricted
A: fangs 1, strong nose, distributed training
a: Renounce Religion, Heroism, Finesse, Duel


You were in an ice cave.
You worshipped Okawaru.
Okawaru was extremely pleased with you.
You visited 1 branch of the dungeon, and saw 13 of its levels.
You also visited: Bailey and Ice Cave.

You collected 920 gold pieces.
You spent 50 gold pieces at shops.

Inventory:

Hand Weapons
 a - a +4 quarterstaff
 p - the +4 quarterstaff of Causality (weapon) {spect, *Noise rN+ SInv Stlth+}
   (You found it on level 7 of the Dungeon)

   rN+:       It protects you from negative energy.
   SInv:      It lets you see invisible.
   *Noise:    It may make a loud noise when swung.
   Stlth+:    It makes you more stealthy.
 C - a +3 quarterstaff of chaos
 F - a +1 war axe of flaming
 J - a +4 trident of draining
Missiles
 f - a curare-tipped dart
 j - 3 datura-tipped darts
 m - 2 throwing nets
 v - 7 javelins
 B - 34 poisoned darts
 E - 15 boomerangs
 Z - 4 atropa-tipped darts
Armour
 i - a +0 pair of gloves (worn)
 n - the +18 Lear's hauberk
   (Okawaru gifted it to you on level 11 of the Dungeon)
 r - a +0 helmet (worn)
 H - +0 acid dragon scales
 I - a +2 chain mail of willpower
 K - a +0 troll leather armour
 L - +0 steam dragon scales (worn)
 M - a +0 pair of boots (worn)
 P - the +2 ring mail of the Elven Halls {Slay+2}
   (You found it on level 6 of the Dungeon)

   Slay+2:    It affects your accuracy & damage with ranged weapons and melee
   (+2).
 Q - +1 shadow dragon scales
 R - the +0 kite shield of Weightlessness {Int+4}
   (You found it in a bailey)

   Int+4:     It affects your intelligence (+4).
 V - a +0 cloak (worn)
Magical Staves
 W - a staff of poison
Jewellery
 D - a ring of willpower (left hand)
 T - the amulet of Xom's Whimsicality (around neck) {Spirit Rampage Drain rC+ Str+5}
   (You found it on level 7 of the Dungeon)

   [amulet of guardian spirit]

   Spirit:    It causes incoming damage to be divided between your reserves of
   health and magic.
   Str+5:     It affects your strength (+5).
   rC+:       It protects you from cold.
   Drain:     It drains your maximum health when unequipped.
   Rampage:   It bestows one free step when moving towards enemies.
 U - a +5 ring of evasion (right hand)
 X - an amulet of magic regeneration
Wands
 c - a wand of polymorph (8)
 y - a wand of flame (11)
 O - a wand of iceblast (3)
Scrolls
 b - a scroll of fog
 d - 2 scrolls of revelation
 e - 3 scrolls of enchant weapon
 h - 3 scrolls of amnesia
 l - 2 scrolls of fear
 o - 3 scrolls of blinking
 u - 2 scrolls of enchant armour {unknown}
 w - 4 scrolls of immolation {unknown}
 Y - a scroll of summoning {unknown}
Potions
 g - a potion of curing
 k - a potion of ambrosia
 s - a potion of mutation {unknown}
 t - a potion of resistance {unknown}
 z - a potion of enlightenment
 A - 5 potions of lignification {unknown}
 G - a potion of invisibility {unknown}
 N - a potion of brilliance {unknown}
 S - 2 potions of haste
Miscellaneous
 x - a condenser vane


   Skills:
 + Level 10.5(15.5) Fighting
 + Level 8.1(13.1) Short Blades
 + Level 8.1(13.1) Long Blades
 + Level 8.1(13.1) Axes
 + Level 8.1(13.1) Maces & Flails
 + Level 8.1(13.1) Polearms
 + Level 9.4(14.4) Staves
 + Level 8.1(13.1) Ranged Weapons
 + Level 8.1(13.1) Throwing
 + Level 8.1(13.1) Armour
 + Level 8.1(13.1) Dodging
 + Level 8.1(13.1) Stealth
 + Level 8.1(13.1) Shields
 + Level 8.1(13.1) Unarmed Combat
 + Level 8.7 Spellcasting
 + Level 6.8 Conjurations
 + Level 6.8 Hexes
 + Level 6.8 Summonings
 + Level 6.8 Necromancy
 + Level 6.8 Translocations
 + Level 6.8 Transmutations
 + Level 9.9 Fire Magic
 + Level 6.8 Ice Magic
 + Level 6.8 Air Magic
 + Level 6.8 Earth Magic
 + Level 6.8 Poison Magic
 + Level 8.9 Invocations
 + Level 8.1 Evocations
 + Level 7.4 Shapeshifting


You had 17 spell levels left.
You knew the following spells:

 Your Spells              Type           Power      Damage    Failure   Level
a - Foxfire               Conj/Fire      100%       2x1d9     1%          1
b - Volatile Blastmotes   Fire/Tloc      80%        2d16      1%          3
c - Scorch                Fire           92%        2d8       1%          2
d - Gell's Gravitas       Tloc           34%        N/A       1%          3
e - Teleport Other        Tloc           34%        N/A       1%          3

Your spell library contained the following spells:

 Spells                   Type           Power      Damage    Failure   Level
 Cigotuvi's Dreadful Rot  Necr/Pois/Air  68%        N/A       1%          2
 Wereblood                Tmut           34%        N/A       1%          2
 Alistair's Intoxication  Tmut/Pois      22%        N/A       14%         5
 Irradiate                Conj/Tmut      17%        3d17      14%         5
 Dispersal                Tloc           17%        N/A       63%         6
 Summon Small Mammal      Summ           Unusable   N/A       N/A         1
 Call Canine Familiar     Summ           Unusable   N/A       N/A         3
 Summon Guardian Golem    Hex/Summ       Unusable   N/A       N/A         3

Dungeon Overview and Level Annotations

Branches:
Dungeon (15/15)            Temple (0/1) D:4            Lair (0/5) D:10
    Orc (0/2) D:10         Depths (0/4) D:15         Bailey (visited)
  IceCv (1/1)
 Vaults: D:13-14

Altars:
Cheibriados
Dithmenos
Gozag
Hepliaklqana
Nemelex Xobeh
Okawaru
Qazlal
Trog
Vehumet
Xom
Yredelemnul
Zin
The Shining One

Shops:
D:2 *[*!   D:5 ?=   D:6 [!:*

Annotations:
D:3 2 transporters


Innate Abilities, Weirdness & Mutations

You have very sharp teeth.
Your uncanny sense of smell can sniff out nearby items.
Your experience applies equally to all skills.


Message History

Casting: Foxfire (safe; 1% risk of failure)
Confirm with . or Enter, or press ? or * to list all spells.
Flames lash the dire elephant simulacrum.
The dire elephant simulacrum is moderately damaged.
The dire elephant simulacrum's fire resistance burns away.
The foxfire hits the dire elephant simulacrum but does no damage.
The dire elephant simulacrum is moderately damaged.
The foxfire hits the dire elephant simulacrum!
The dire elephant simulacrum melts!
The dire elephant simulacrum is heavily damaged.
The anaconda simulacrum grabs you.
The anaconda simulacrum bites you but does no damage.
The anaconda simulacrum constricts you.
* * * LOW HITPOINT WARNING * * *
The anaconda simulacrum closely misses you.
The anaconda simulacrum constricts you.
* * * LOW HITPOINT WARNING * * *
The dire elephant simulacrum closely misses you.
The dire elephant simulacrum barely misses you.
You feel better.
The anaconda simulacrum closely misses you.
The anaconda simulacrum constricts you.
You gain the combat prowess of a mighty hero.
The anaconda simulacrum completely misses you.
The anaconda simulacrum constricts you.
* * * LOW HITPOINT WARNING * * *
The dire elephant simulacrum barely misses you.
The dire elephant simulacrum trunk-slaps you but does no damage.
The anaconda simulacrum misses you. The anaconda simulacrum constricts you.
You hit the dire elephant simulacrum. You bite the dire elephant simulacrum.
The dire elephant simulacrum is heavily damaged.
Your +4 quarterstaff of Causality {spect, *Noise rN+ SInv Stlth+} hits the dire elephant simulacrum!
The dire elephant simulacrum is no longer more vulnerable to fire.
The anaconda simulacrum bites you!
* * * LOW HITPOINT WARNING * * *
The anaconda simulacrum freezes you. You resist.
* * * LOW HITPOINT WARNING * * *
The anaconda simulacrum constricts you.
The dire elephant simulacrum tramples you!!
You die...

..##
...##
#...#
##...
#...#
##...##
##.....##
#...ZZ..#
#..(@...#
##..∩..##
##...##
#####


You could see an anaconda simulacrum, a dire elephant simulacrum and a friendly
+4 quarterstaff of Causality {spect, *Noise rN+ SInv Stlth+}.

Vanquished Creatures
  Erica (D:10)
  5 two-headed ogres
  2 tengu warriors
  The ghost of Age the Warrior, a novice MiFi of Gozag (D:6)
  2 orc knights (Bailey)
  An ugly thing (D:12)
  A cyclops (D:12)
  2 manticores (D:11)
  Joseph (D:7)
  Jeremiah (D:6)
  3 gargoyles
  2 kobold demonologists
  2 komodo dragons (D:10)
  An anaconda simulacrum (IceCv)
  2 trolls (D:10)
  A hornet (D:7)
  Prince Ribbit (D:6)
  Grinder (D:6)
  6 slime creatures
  2 shadows
  28 yaks
  A wyvern (D:8)
  A wraith (D:10)
  Eustachio (D:6)
  Grum (D:8)
  A basilisk (D:12)
  2 steam dragons (D:9)
  3 vampire mosquitoes
  Menkaure (D:6)
  An acid dragon (D:10)
  A harpy simulacrum (IceCv)
  2 water moccasins
  A black bear (D:5)
  A sky beast (D:7)
  A swamp drake (D:10)
  8 orc warriors
  3 ice beasts
  2 ogres
  7 wolves
  2 centaurs (D:7)
  A phantom (D:6)
  Blork the orc (D:6)
  4 kobold brigands
  2 gnoll sergeants
  4 bullfrogs
  3 scorpions
  8 wights
  19 killer bees
  3 electric eels (D:10)
  5 howler monkeys
  8 orc priests
  8 hounds
  Crazy Yiuf (D:7)
  4 iguanas
  A sleepcap (D:6)
  Jessica (D:2)
  Ijyb (D:4)
  13 orc wizards
  7 gnolls
  3 adders
  2 shadow imps (D:6)
  2 white imps
  2 ufetubi (D:7)
  A worm (D:4)
  3 dart slugs
  70 orcs
  12 ball pythons
  10 endoplasms
  A giant cockroach (D:4)
  A goblin (D:1)
  13 hobgoblins
  5 jackals
  4 kobolds
  7 quokkas
  5 bats
  3 rats
344 creatures vanquished.

Vanquished Creatures (collateral kills)
  5 foxfires
5 creatures vanquished.

Vanquished Creatures (others)
  1670 foxfires
  A spectral weapon (D:11)
1671 creatures vanquished.

Grand Total: 2020 creatures vanquished

Notes
Turn   | Place    | Note
-------+----------+-------------------------------------------
     0 | D:1      | arthad the Gnoll Wanderer began the quest for the Orb.
     0 | D:1      | arthad set off with the following items: a +3 quarterstaff,
                  | a scroll of fog, a +0 robe; and the following spell
                  | memorised: Foxfire; and the following spells available to
                  | memorise: Volatile Blastmotes.
     0 | D:1      | Reached XP level 1. HP: 23/23 MP: 4/4
    88 | D:1      | Found a faded altar of an unknown god.
   187 | D:1      | Reached XP level 2. HP: 29/29 MP: 2/5
   584 | D:1      | Reached XP level 3. HP: 35/35 MP: 5/7
   958 | D:2      | Found Duvokhlunn's Distillery.
   963 | D:2      | Bought a potion of heal wounds for 50 gold pieces
  1044 | D:2      | Found Inazilid's General Store.
  1054 | D:2      | Reached skill level 1 in Invocations
  1178 | D:2      | Reached skill level 1 in Short Blades
  1178 | D:2      | Reached skill level 1 in Long Blades
  1178 | D:2      | Reached skill level 1 in Axes
  1178 | D:2      | Reached skill level 1 in Maces & Flails
  1178 | D:2      | Reached skill level 1 in Polearms
  1178 | D:2      | Reached skill level 1 in Ranged Weapons
  1178 | D:2      | Reached skill level 1 in Throwing
  1178 | D:2      | Reached skill level 1 in Armour
  1178 | D:2      | Reached skill level 1 in Dodging
  1178 | D:2      | Reached skill level 1 in Stealth
  1178 | D:2      | Reached skill level 1 in Shields
  1178 | D:2      | Reached skill level 1 in Unarmed Combat
  1178 | D:2      | Reached skill level 1 in Evocations
  1269 | D:2      | Noticed Jessica
  1279 | D:2      | Killed Jessica
  1280 | D:2      | Reached skill level 1 in Shapeshifting
  1280 | D:2      | Reached XP level 4. HP: 36/41 MP: 1/8
  1284 | D:2      | Reached skill level 1 in Conjurations
  1284 | D:2      | Reached skill level 1 in Hexes
  1284 | D:2      | Reached skill level 1 in Summonings
  1284 | D:2      | Reached skill level 1 in Necromancy
  1284 | D:2      | Reached skill level 1 in Translocations
  1284 | D:2      | Reached skill level 1 in Transmutations
  1284 | D:2      | Reached skill level 1 in Ice Magic
  1284 | D:2      | Reached skill level 1 in Air Magic
  1284 | D:2      | Reached skill level 1 in Earth Magic
  1284 | D:2      | Reached skill level 1 in Poison Magic
  1431 | D:2      | Found Mein's Assorted Antiques.
  1674 | D:2      | Found Ecy Jizeci's Armour Shop.
  1674 | D:2      | Found Xonlawn's General Store.
  1836 | D:3      | Found a transporter.
  1927 | D:3      | Found a transporter.
  2012 | D:3      | Identified the +1 ring mail of Generosity {Fly rC+ Regen+
                  | Dex+3}
  2012 | D:3      | Noticed a gnoll sergeant
  2202 | D:3      | Found an iron altar of Okawaru.
  2224 | D:3      | Became a worshipper of Warmaster Okawaru
  2425 | D:3      | Reached XP level 5. HP: 47/47 MP: 5/9
  2601 | D:3      | Found a glowing silver altar of Zin.
  2601 | D:3      | Found an opulent altar of Gozag.
  2781 | D:4      | Learned a level 3 spell: Volatile Blastmotes
  2847 | D:4      | Found a staircase to the Ecumenical Temple.
  2997 | D:4      | Reached XP level 6. HP: 38/53 MP: 0/10
  3136 | D:4      | Noticed Ijyb
  3390 | D:4      | Reached skill level 5 in Staves
  3547 | D:4      | Killed Ijyb
  3547 | D:4      | Reached * piety under Okawaru
  3739 | D:5      | Entered Level 5 of the Dungeon
  4135 | D:5      | Found Suwud's Magic Scroll Shoppe.
  4249 | D:5      | Reached XP level 7. HP: 36/59 MP: 5/12
  4467 | D:5      | Reached skill level 7 in Fighting
  5267 | D:5      | Reached ** piety under Okawaru
  5268 | D:5      | Reached XP level 8. HP: 36/67 MP: 0/14
  5597 | D:5      | Found Zusoom's Jewellery Emporium.
  5701 | D:6      | Noticed Jeremiah
  5726 | D:6      | Killed Jeremiah
  5841 | D:6      | Reached *** piety under Okawaru
  6211 | D:6      | Noticed Blork the orc
  6217 | D:6      | Killed Blork the orc
  6218 | D:6      | Reached XP level 9. HP: 73/73 MP: 9/16
  6329 | D:6      | Identified the +1 ring mail of the Hidden Xeniums {rN+}
  6349 | D:6      | Noticed Menkaure
  6352 | D:6      | Killed Menkaure
  6353 | D:6      | Reached skill level 5 in Spellcasting
  6404 | D:6      | Found a sparkling altar of Nemelex Xobeh.
  6404 | D:6      | Found a shimmering altar of Xom.
  6406 | D:6      | Found a snail-covered altar of Cheibriados.
  6406 | D:6      | Found a stormy altar of Qazlal.
  6407 | D:6      | Found a hazy altar of Hepliaklqana.
  6407 | D:6      | Found a basalt altar of Yredelemnul.
  6408 | D:6      | Found a shadowy altar of Dithmenos.
  6420 | D:6      | Noticed Eustachio
  6426 | D:6      | Killed Eustachio
  6580 | D:6      | Identified the +2 ring mail of the Elven Halls {Slay+2}
  6591 | D:6      | Noticed Prince Ribbit
  6601 | D:6      | Killed Prince Ribbit
  6601 | D:6      | Reached **** piety under Okawaru
  7087 | D:6      | Found Xeott's Antique Armour Shop.
  7089 | D:6      | Found Xuuclac's Book Shop.
  7089 | D:6      | Found Mucawad's Distillery.
  7091 | D:6      | Found Oskem's General Store.
  7103 | D:6      | Got Sif Muna's Vellum of the Searing Scorpion
  7225 | D:6      | Learned a level 2 spell: Scorch
  7301 | D:6      | Noticed Grinder
  7311 | D:6      | Killed Grinder
  7312 | D:6      | Reached skill level 8 in Fighting
  7482 | D:7      | Found a flagged portal.
  7494 | Bailey   | Entered a bailey
  7525 | Bailey   | Reached skill level 5 in Invocations
  7757 | Bailey   | Noticed an orc knight
  7807 | Bailey   | Killed an orc knight
  7808 | Bailey   | Reached XP level 10. HP: 80/80 MP: 0/18
  7943 | Bailey   | Identified the +0 kite shield of Weightlessness {Int+4}
  8006 | Bailey   | Noticed an orc knight
  8222 | Bailey   | Killed an orc knight
  8222 | Bailey   | Received a gift from Okawaru
  8223 | Bailey   | Reached skill level 5 in Short Blades
  8223 | Bailey   | Reached skill level 5 in Long Blades
  8223 | Bailey   | Reached skill level 5 in Axes
  8223 | Bailey   | Reached skill level 5 in Maces & Flails
  8223 | Bailey   | Reached skill level 5 in Polearms
  8223 | Bailey   | Reached skill level 5 in Ranged Weapons
  8223 | Bailey   | Reached skill level 5 in Throwing
  8223 | Bailey   | Reached skill level 5 in Armour
  8223 | Bailey   | Reached skill level 5 in Dodging
  8223 | Bailey   | Reached skill level 5 in Stealth
  8223 | Bailey   | Reached skill level 5 in Shields
  8223 | Bailey   | Reached skill level 5 in Unarmed Combat
  8223 | Bailey   | Reached skill level 5 in Evocations
  8423 | D:7      | Found a radiant altar of Vehumet.
  8427 | D:7      | Noticed Joseph
  8454 | D:7      | Killed Joseph
  8913 | D:7      | Found a runed translucent gate.
  8914 | D:7      | Found a runed translucent gate.
  8915 | D:7      | Found a runed translucent gate.
  8916 | D:7      | Noticed Age's ghost (novice MiFi)
  8916 | D:7      | Noticed a two-headed ogre
  9154 | D:7      | Identified the amulet of Xom's Whimsicality {Spirit Rampage
                  | Drain rC+ Str+5}
  9199 | D:7      | Reached skill level 5 in Shapeshifting
  9358 | D:7      | Found a runed translucent door.
  9359 | D:7      | Noticed Crazy Yiuf
  9581 | D:7      | Killed a two-headed ogre
  9581 | D:7      | Reached ***** piety under Okawaru
  9643 | D:6      | Killed Age's ghost
  9643 | D:6      | Received a gift from Okawaru
  9852 | D:7      | Reached XP level 11. HP: 87/87 MP: 14/20
  9912 | D:7      | Identified the +4 quarterstaff of Causality {spect, *Noise
                  | rN+ SInv Stlth+}
  9982 | D:7      | Killed Crazy Yiuf
 10100 | D:8      | Noticed Grum
 10103 | D:8      | Reached skill level 9 in Fighting
 10115 | D:8      | Reached skill level 5 in Conjurations
 10115 | D:8      | Reached skill level 5 in Hexes
 10115 | D:8      | Reached skill level 5 in Summonings
 10115 | D:8      | Reached skill level 5 in Necromancy
 10115 | D:8      | Reached skill level 5 in Translocations
 10115 | D:8      | Reached skill level 5 in Transmutations
 10115 | D:8      | Reached skill level 5 in Ice Magic
 10115 | D:8      | Reached skill level 5 in Air Magic
 10115 | D:8      | Reached skill level 5 in Earth Magic
 10115 | D:8      | Reached skill level 5 in Poison Magic
 10341 | D:8      | Received a gift from Okawaru
 10557 | D:8      | Noticed a two-headed ogre
 10564 | D:8      | Killed a two-headed ogre
 10738 | D:8      | Killed Grum
 11154 | D:9      | Noticed a two-headed ogre
 11159 | D:9      | Received a gift from Okawaru
 11330 | D:9      | Noticed a two-headed ogre
 11338 | D:9      | Killed a two-headed ogre
 11364 | D:9      | Received a gift from Okawaru
 11593 | D:9      | Killed a two-headed ogre
 12244 | D:10     | Entered Level 10 of the Dungeon
 12351 | D:10     | Found a bloodstained altar of Trog.
 12569 | D:10     | Found a staircase to the Lair.
 12791 | D:10     | Found a glowing golden altar of the Shining One.
 12865 | D:10     | Reached XP level 12. HP: 75/96 MP: 14/23
 13088 | D:10     | Noticed a two-headed ogre
 13107 | D:10     | Killed a two-headed ogre
 14092 | D:10     | Noticed Erica
 14103 | D:10     | Killed Erica
 14103 | D:10     | Received a gift from Okawaru
 14108 | D:10     | Reached skill level 10 in Fighting
 14516 | D:10     | Found a staircase to the Orcish Mines.
 14906 | D:11     | Received a gift from Okawaru
 15223 | D:11     | Received a gift from Okawaru
 15223 | D:11     | Found the +18 Lear's hauberk
 15384 | D:11     | Learned a level 3 spell: Gell's Gravitas
 15388 | D:11     | Learned a level 3 spell: Teleport Other
 15741 | D:12     | Noticed a tengu warrior
 15744 | D:12     | Noticed a tengu warrior
 15765 | D:12     | Killed a tengu warrior
 15772 | D:11     | Killed a tengu warrior
 16211 | D:11     | Reached XP level 13. HP: 90/104 MP: 20/25
 16652 | D:12     | You fall into a shaft and drop 3 floors!
 16652 | D:15     | Entered Level 15 of the Dungeon
 16654 | D:15     | Found a staircase to the Depths.
 16654 | D:15     | Noticed a white very ugly thing
 16734 | D:15     | Found a frozen archway.
 16743 | IceCv    | Entered an ice cave
 16756 | IceCv    | Slain by a dire elephant simulacrum

Illustrated notes

Levels and vault maps discovered:
D:1:      dpeg_arrival_stonehenge_8_columns, layout_basic,
          chequers_ecumenical_altar_simple_redux, minmay_misc_feat_more_columns
D:2:      layout_basic, serial_glass, glass_columns_a, glass_columns_b,
          serial_shops, nicolae_shop_tiny_statue_garden, shop, shop, shop,
          nicolae_shop_hallway_stairs, uniq_jessica
D:3:      layout_loops_ring, grunt_temple_overflow_gold_and_silver,
          lemuel_crystal_altar, gammafunk_ghost_gnarly_gnolls, kennysheep_donut,
          cheibrodos_gnoll_hut
D:4:      layout_cave_pools, minmay_temple_entry_gardened_gates,
          hangedman_decor_opposing, kennysheep_generic_room_14, uniq_ijyb
D:5:      layout_loops_corners, serial_shops, nicolae_shop_tiny_real_fake_doors,
          nicolae_shop_back_alley_shop
D:6:      layout_basic, grunt_temple_overflow_open, serial_bayou_lagoon_a,
          minmay_shop_grid_forest, lemuel_flame_loot_1, uniq_prince_ribbit1,
          uniq_eustachio, uniq_jeremiah, uniq_blork_the_orc, uniq_grinder,
          uniq_menkaure
D:7:      layout_gridville, nicolae_vehumet_radiance, enter_bailey_2,
          gammafunk_ghost_split, uniq_joseph, uniq_crazy_yiuf_cottage
D:8:      layout_basic, serial_park_tiny_pond, corexii_leaking_fountain,
          bh_walls_and_bars, uniq_grum
D:9:      layout_cave_pools
D:10:     layout_long_grid, kennysheep_mini, lemuel_round_altar,
          erik_lair_island, erik_orc_1, onia_ninara_cookie, uniq_erica
D:11:     layout_rooms, kennysheep_generic_room_5
D:12:     layout_basic
D:15:     gammafunk_enter_depths_forms, layout_rooms,
          portal_ice_cave_entry_pillars_2, minmay_evil_grid
IceCv:    ice_cave_small_necro

Skill      XL: |  1  2  3  4  5  6  7  8  9 10 11 12 |
---------------+-------------------------------------+-----
Invocations    | 1 2 3 4 5 6 7 8 |  8.9
Short Blades   | 1 2 3 4 5 6 8 |  8.1
Long Blades    | 1 2 3 4 5 6 8 |  8.1
Axes           | 1 2 3 4 5 6 8 |  8.1
Maces & Flails | 1 2 3 4 5 6 8 |  8.1
Polearms       | 1 2 3 4 5 6 8 |  8.1
Ranged Weapons | 1 2 3 4 5 6 8 |  8.1
Throwing       | 1 2 3 4 5 6 8 |  8.1
Armour         | 1 2 3 4 5 6 8 |  8.1
Dodging        | 1 2 3 4 5 6 8 |  8.1
Stealth        | 1 2 3 4 5 6 8 |  8.1
Shields        | 1 2 3 4 5 6 8 |  8.1
Unarmed Combat | 1 2 3 4 5 6 8 |  8.1
Evocations     | 1 2 3 4 5 6 8 |  8.1
Spellcasting   | 3 4 5 6 7 8 |  8.7
Shapeshifting  | 1 2 3 4 5 6 7 |  7.4
Conjurations   | 1 2 3 4 5 6 |  6.8
Hexes          | 1 2 3 4 5 6 |  6.8
Summonings     | 1 2 3 4 5 6 |  6.8
Necromancy     | 1 2 3 4 5 6 |  6.8
Translocations | 1 2 3 4 5 6 |  6.8
Transmutations | 1 2 3 4 5 6 |  6.8
Ice Magic      | 1 2 3 4 5 6 |  6.8
Air Magic      | 1 2 3 4 5 6 |  6.8
Earth Magic    | 1 2 3 4 5 6 |  6.8
Poison Magic   | 1 2 3 4 5 6 |  6.8
Staves         | 5 6 7 8 9 |  9.4
Fighting       | 7 8 9 10 | 10.5
Fire Magic     | 8 9 |  9.9

Action                     |  1- 3 |  4- 6 |  7- 9 | 10-12 | 13-15 || total
---------------------------+-------+-------+-------+-------+-------++-------
  Melee: Quarterstaff      |     5 |     6 |    29 |   255 |    21 ||   316
         Bite              |     1 |     1 |     5 |    36 |     4 ||    47
  Throw: Dart              |       |       |    10 |    17 |       ||    27
         Javelin           |       |       |     1 |     3 |       ||     4
         Throwing net      |       |       |     1 |       |       ||     1
   Cast: Foxfire           |    64 |   130 |   209 |   498 |    41 ||   942
         Volatile Blastmot |       |     1 |     8 |    33 |       ||    42
         Scorch            |       |       |     5 |    26 |     6 ||    37
 Invoke: Heroism           |       |       |       |     3 |     1 ||     4
  Evoke: Wand              |       |       |     2 |    13 |       ||    15
         Condenser vane    |       |       |       |     2 |       ||     2
    Use: Scroll            |       |       |     7 |     3 |     3 ||    13
         Potion            |       |       |       |    13 |     1 ||    14
   Stab: Paralysed         |       |       |     7 |       |       ||     7
         Sleeping          |       |       |       |     5 |       ||     5
         Distracted        |       |       |       |     3 |       ||     3
 Armour: Robe              |    10 |    27 |    14 |       |       ||    51
         Leather armour    |       |       |    60 |    80 |       ||   140
         Steam dragon scal |       |       |       |   176 |    27 ||   203
  Dodge: Dodged            |     9 |    27 |    48 |   379 |    40 ||   503

Table legend: (Time is in decaauts)
 A = Elapsed time spent in this place.
 B = Non-inter-level travel time spent in this place.
 C = Inter-level travel time spent in this place.
 D = Time resting spent in this place.
 E = Time spent auto-exploring this place.
 F = Levels seen in this place.
 G = Mean time per level.
                   A        B        C        D        E       F      G
               +--------+--------+--------+--------+--------+-----+--------+
         Total |  16708 |  16187 |    521 |   1254 |  12012 |  15 | 1113.9 |
       Dungeon |  15811 |  15290 |    521 |   1040 |  11662 |  13 | 1216.2 |
        Bailey |    883 |    883 |      0 |    214 |    350 |   1 |  883.0 |
      Ice Cave |     12 |     12 |      0 |      0 |      0 |   1 |   12.0 |
               +--------+--------+--------+--------+--------+-----+--------+

Top non-repeatable levels by time:
    D:10: 2644 daAuts
     D:6: 1984 daAuts
     D:5: 1808 daAuts
     D:7: 1632 daAuts
    D:11: 1230 daAuts
     D:8: 1211 daAuts
     D:4: 1094 daAuts
     D:3: 1015 daAuts
     D:1: 958 daAuts
  Bailey: 883 daAuts
     D:9: 853 daAuts
     D:2: 818 daAuts
    D:12: 470 daAuts
    D:15: 90 daAuts
   IceCv: 12 daAuts
